 Dungeon Crawl Stone Soup version 0.30-a0-778-g2ef04afb54 (webtiles) character file.

Game seed: 52230169487564655

54 sanka the Twirler (level 3, -1/27 HPs)
             Began as a Mummy Gladiator on Feb 17, 2023.
             Killed by divine providence
             ... invoked by an orc priest
              (16 damage)
             ... on level 3 of the Dungeon.
             The game lasted 00:02:32 (1440 turns).

sanka the Twirler (Mummy Gladiator)                 Turns: 1440, Time: 00:02:33

Health: -1/27      AC: 11    Str: 19    XL:     3   Next: 66%
Magic:  3/3        EV:  8    Int:  7    God:
Gold:   66         SH:  5    Dex: 13    Spells: 2/2 levels left

rFire   x . .      SeeInvis .    a - +0 quarterstaff
rCold   + . .      Faith    +    (shield currently unavailable)
rNeg    + + +      Spirit   .    c - +0 chain mail
rPois   ∞          Reflect  +    m - +1 helmet
rElec   .          Harm     .    (no cloak)
rCorr   .          Rampage  .    f - +0 pair of gloves
Will    .....                    (no boots) Stlth
                                 h - amulet of reflection
HPRegen 0.24/turn                (no ring)
MPRegen 0.08/turn                (no ring)

@: no status effects
A: cold resistance 1, negative energy resistance 3, torment resistance 2, heat
vulnerability 1, in touch with death 1, no potions, faith
a: no special abilities


You were on level 3 of the Dungeon.
You visited 1 branch of the dungeon, and saw 3 of its levels.

You collected 66 gold pieces.


Innate Abilities, Weirdness & Mutations

You are immune to poison.
Your flesh is cold resistant. (rC+)
You are immune to negative energy. (rN+++)
You are immune to unholy pain and torment.
You are vulnerable to heat. (rF-)
You are in touch with the powers of death.
You do not drink.
You have a special connection with the divine. (Faith)


   Skills:
 - Level 2.0 Fighting
 + Level 3.9 Staves
 - Level 1.5 Throwing
 - Level 2.4 Dodging


You had 2 spell levels left.
You didn't know any spells.
Your spell library contained the following spells:

 Spells                   Type           Power      Damage    Failure   Level
 Shock                    Conj/Air       0%         1d3       100%        1
 Swiftness                Air            0%         N/A       100%        3
 Airstrike                Air            0%         2d(0-16)  100%        4

Inventory:

Hand Weapons
 a - a +0 quarterstaff (weapon)
Missiles
 d - 3 throwing nets (quivered) {=f}
 e - a javelin
Armour
 c - a +0 chain mail (worn)
 f - a +0 pair of gloves (worn)
 m - a +1 helmet (worn)
Jewellery
 h - an amulet of reflection (around neck)
Scrolls
 b - a scroll of fear {unknown}
 g - 10 scrolls of identify {unknown}
 j - a scroll of amnesia {unknown}
 k - a scroll of summoning {unknown}
 l - a scroll of noise {unknown}

Dungeon Overview and Level Annotations

Branches:
Dungeon (3/15)

Altars:

Shops:
D:2

* ▒▒▒▒▒▒▒▒▒
▒...o.o.▒
▒.▒▒▒▒▒.▒ ▒o▒
▒o▒ ▒▒▒▒M▒
▒....▒▒▒▒▒▒▒▒
▒............
▒▒....▒▒▒▒▒▒▒▒
▒......▒
▒...†..▒
▒.▒▒.▒▒▒
▒.▒▒.▒ ▒
▒.▒▒.▒


You could see an orc priest, an orc wizard and an orc.


Message History

No target in view!
No target in view!
You see here a rat corpse.
An orc wizard comes into view. It is wielding a +0 dagger.
The orc wizard shouts!
An orc wizard is nearby!
An orc wizard is nearby!
An orc wizard is nearby!
An orc comes into view. It is wielding a +0 hand axe.
The orc shouts!
You hit the orc wizard but do no damage.
The orc wizard hits you but does no damage.
An orc priest comes into view. It is wielding a +0 mace.
You barely miss the orc wizard. You block the orc wizard's attack.
You closely miss the orc wizard. You barely miss the orc.
The orc priest invokes the aid of Beogh against you.
Beogh smites you!
Unknown command.
You barely miss the orc. The orc hits you but does no damage.
Unknown command.
You closely miss the orc. The orc completely misses you.
Unknown command.
The orc priest mumbles some strange prayers to Beogh against you.
Beogh smites you!
Ouch! That really hurt!
You die...

Action                     || total
---------------------------++-------
  Melee: Quarterstaff      ||   138
 Armour: Leather armour    ||    24
         Ring mail         ||    33
         Chain mail        ||     2
  Dodge: Dodged            ||   104
  Block: Other             ||    24

Levels and vault maps discovered:
D:1:      erik_arrival_orb_chamber, layout_loops_ring, basic_ecumenical_altar
D:2:      layout_basic, serial_shops, nicolae_shop_stone, minmay_hexomino_u4
D:3:      layout_basic, overflow_temple_1_default

Notes
Turn   | Place    | Note
-------+----------+-------------------------------------------
     0 | D:1      | sanka the Mummy Gladiator began the quest for the Orb.
     0 | D:1      | Reached XP level 1. HP: 16/16 MP: 1/1
    26 | D:1      | Found a faded altar of an unknown god.
   113 | D:1      | Reached XP level 2. HP: 22/22 MP: 2/2
   121 | D:1      | Reached skill level 3 in Staves
   480 | D:1      | Gained mutation: You are in touch with the powers of death.
                  | [Mummy growth]
   480 | D:1      | Reached XP level 3. HP: 24/27 MP: 3/3
   845 | D:2      | Found Punaem's Assorted Antiques.
  1440 | D:3      | Killed from afar by an orc priest

Vanquished Creatures
  7 ball pythons
  5 bats
  5 endoplasms
  6 goblins
  6 hobgoblins
  7 kobolds
  3 quokkas
  3 frilled lizards
  7 rats
49 creatures vanquished.
